Map: Donnervogel LE

Players

aeox

  • Race: Protoss Protoss
  • League: Gold
  • Spawn Location: 11:00

VOD

Have the link to the VOD?

Description

Time

  • Played on: Nov. 5, 2019, 10:19 a.m.
  • Length: 13:04
Show
View Real Time Build Order
Export as new Build Order

aeox Protoss 

Build Orders:  

Get SALT Encoding   

  12  0:03  Probe (Chrono Boost)  
  13  0:27  Pylon  
  13  0:28  Probe (Chrono Boost)  
  13  0:39  Probe (Chrono Boost)  
  15  0:52  Probe (Chrono Boost)  
  15  0:56  Gateway  
  16  1:06  Assimilator  
  17  1:11  Probe (Chrono Boost)  
  17  1:28  Probe (Chrono Boost)  
  18  2:00  Nexus  
  18  2:09  Probe (Chrono Boost)  
  19  2:27  Cybernetics Core  
  19  2:33  Assimilator  
  19  2:45  Pylon  
  19  3:04  Stalker (Chrono Boost), Probe (Chrono Boost)  
  22  3:33  Probe (Chrono Boost)  
  22  3:34  Twilight Council  
  23  3:46  Probe (Chrono Boost)  
  24  3:57  Probe (Chrono Boost)  
  27  4:16  Robotics Facility  
  27  4:19  Warp Gate (Chrono Boost)  
  27  4:22  Forge  
  27  4:27  Probe (Chrono Boost)  
  28  4:35  Unknown  
  28  5:00  Probe  
  28  5:01  Probe  
  30  5:11  Protoss Ground Weapons Level 1 (Chrono Boost)  
  30  5:19  Immortal (Chrono Boost)  
  34  5:37  Pylon  
  34  5:44  Probe x2  
  36  6:01  Probe x2  
  36  6:09  Observer (Chrono Boost)  
  38  6:17  Probe  
  38  6:18  Probe  
  41  6:23  Gateway  
  41  6:25  Gateway  
  41  6:37  Gateway  
  41  6:39  Warp Prism (Chrono Boost)  
  43  6:47  Gateway  
  43  6:58  Gateway  
  43  7:03  Pylon  
  43  7:10  Stalker  
  43  7:14  Probe x2  
  47  7:21  Immortal (Chrono Boost)  
  51  7:46  Stalker x2  
  55  7:55  Stalker  
  57  8:16  Probe (Chrono Boost)  
  59  8:21  Probe (Chrono Boost)  
  59  8:28  Probe (Chrono Boost)  
  59  8:31  Pylon  
  59  8:34  Pylon  
  59  8:38  Probe (Chrono Boost)  
  59  8:39  Pylon  
  61  9:00  Zealot x4  
  61  9:01  Zealot x2  
  61  9:30  Stalker x3  
  61  9:31  Stalker x3  
  41  10:21  Gateway  
  41  10:24  Gateway  
  41  10:26  Gateway  
  41  10:28  Immortal  
  41  10:29  Gateway  
  45  10:30  Gateway  
  45  10:33  Pylon  
  45  10:52  Stalker x2  
  45  10:53  Stalker  
  45  10:57  Stalker  
  53  11:00  Sentry  
  53  11:01  Sentry  
  57  11:11  Immortal  
  57  11:25  Stalker x2  
  57  11:26  Stalker  
  67  11:52  Assimilator  
  67  11:55  Assimilator  
  67  11:58  Pylon  
  67  12:07  Zealot x3  
  67  12:08  Zealot x3  
  79  12:12  Sentry  
  81  12:31  Stalker x2  
  81  12:32  Stalker  
  75  12:50  Stalker  
  75  12:52  Zealot  
  75  12:53  Zealot x3  
Tags
 
League
Gold
Matchup
Co-op
Add a new tag
Caveats
  • Supply blocks, unpowered buildings, or Contaminate may cause inaccurate times.
  • Supply counts are checked every 10 seconds.